 Dungeon Crawl Stone Soup version 0.22.1-2-g9c5b331 (webtiles) character file.

605 brandon the Conjurer (level 7, -1/36 HPs)
             Began as a Deep Elf Fire Elementalist on Nov 18, 2018.
             Was an Initiate of Vehumet.
             Slain by Duvessa
             ... wielding a +0 short sword
              (5 damage)
             ... on level 4 of the Dungeon.
             The game lasted 00:09:23 (4530 turns).

brandon the Conjurer (Deep Elf Fire Elementalist)   Turns: 4530, Time: 00:09:23

Health: -1/36      AC:  3    Str:  5    XL:     7   Next: 19%
Magic:  0/17       EV: 13    Int: 22    God:    Vehumet [......]
Gold:   178        SH:  0    Dex: 15    Spells: 2/17 levels left

rFire    . . .     SeeInvis .   t - +4 whip
rCold    . . .     Gourm    .   (no shield)
rNeg     . . .     Faith    .   a - +0 robe
rPois    .         Spirit   +   d - +0 helmet
rElec    .         Reflect  .   o - scarf {Spirit}
rCorr    .         Harm     .   (no gloves)
MR       .....                  (no boots)
Stlth    ++........             l - amulet of magic regeneration
HPRegen  0.12/turn              (no ring)
MPRegen  0.40/turn              (no ring)

@: very slightly contaminated
A: no striking features
a: Renounce Religion


You were on level 4 of the Dungeon.
You worshipped Vehumet.
Vehumet was noncommittal.
You were hungry.

You visited 2 branches of the dungeon, and saw 5 of its levels.

You collected 178 gold pieces.

Inventory:

Hand Weapons
 t - a +4 whip (weapon)
Armour
 a - a +0 robe (worn)
 d - a +0 helmet (worn)
 o - a scarf of spirit shield (worn)
Jewellery
 l - an amulet of magic regeneration (around neck)
 v - an uncursed ring of wizardry {unknown}
Scrolls
 b - a scroll of immolation {unknown}
 h - 3 scrolls of identify
 i - 4 scrolls of remove curse
 j - 2 scrolls of amnesia {unknown}
 n - 3 scrolls of enchant armour {unknown}
 p - 2 scrolls of fear
 r - a scroll of fog {unknown}
 s - a scroll of blinking {unknown}
 y - a scroll of enchant weapon {unknown}
Potions
 e - a potion of agility {unknown}
 f - 3 potions of resistance {unknown}
 g - 2 potions of lignification {unknown}
 k - 3 potions of might {unknown}
 m - a potion of ambrosia {unknown}
 q - 3 potions of brilliance {unknown}
 u - a potion of cancellation {unknown}
 x - a potion of curing {unknown}
Comestibles
 c - 6 rations


   Skills:
 - Level 2.4 Dodging
 - Level 2.4 Stealth
 + Level 5.8 Spellcasting
 * Level 6.0 Conjurations
 + Level 5.3 Fire Magic


You had 2 spell levels left.
You knew the following spells:

 Your Spells              Type           Power        Failure   Level  Hunger
a - Flame Tongue          Conj/Fire      ####.        1%          1    None
b - Throw Flame           Conj/Fire      ####..       1%          2    None
c - Conjure Flame         Conj/Fire      ####....     2%          3    ##.....
d - Sticky Flame          Conj/Fire      ####....     9%          4    ####...
e - Fireball              Conj/Fire      ####......   24%         5    #####..

Your spell library contained the following spells:

 Spells                   Type           Power        Failure   Level  Hunger
 Inner Flame              Hex/Fire       ###.....     10%         3    ##.....


Dungeon Overview and Level Annotations

Branches:
Dungeon (4/15)             Temple (1/1) D:4

Altars:
Cheibriados
Dithmenos
Elyvilon
Fedhas
Gozag
Hepliaklqana
Kikubaaqudgha
Makhleb
Okawaru
Qazlal
Ru
Sif Muna
Vehumet
Xom
Yredelemnul
The Shining One

Annotations:
D:4 Duvessa, Grinder


Message History

* * * LOW HITPOINT WARNING * * *
Casting: Sticky Flame (safe; 9% risk of failure)
Confirm with . or Enter, or press ? or * to list all spells.
You don't have enough magic to cast that spell.
You hit Duvessa but do no damage.
Duvessa is moderately wounded.
Duvessa burns!
Duvessa is engulfed in blazing flames.
Duvessa hits you with a short sword.
* * * LOW HITPOINT WARNING * * *
Duvessa is engulfed in blazing flames.
Duvessa closely misses you.
Casting: Sticky Flame (safe; 9% risk of failure)
Confirm with . or Enter, or press ? or * to list all spells.
Aiming: Flame Tongue (safe; 1% risk of failure)
Press: ? - help, Shift-Dir - straight line, f/p - Duvessa
Aim: Duvessa, wielding a short sword and wearing a glowing leather armour
Okay, then.
As you read the scroll of fear, it crumbles to dust.
You assume a fearsome visage.
Duvessa burns!
Duvessa stops burning.
Duvessa hits you with a short sword.
You die...

#.# #........# # #.#
###......### # #.#
#..<.....# # #.#
###......# # #.#
#......# # #.#
##.....# # #.#######
##.....## ## #.......#
#####.......# ##e
#######[#
#@e§).......# ##.. #.#
#.###...#...###..#
#.###.###...#...##..##
#.##......#####....##
#.##..#.#...#....##.##
#........e#e#...####.#
####..#...............
#............#####.
#...#####.##.# #.


You could see Duvessa (berserk).

Vanquished Creatures
  A human (D:3)
  Blork the orc (D:3)
  2 scorpions (D:4)
  Dowan (D:4)
  2 orc wizards (D:4)
  Natasha (twice) (D:4)
  2 worker ants (D:4)
  An adder (D:2)
  2 oozes
  An adder skeleton (D:4)
  2 worms
  5 dart slugs
  2 leopard geckos (D:2)
  6 orcs
  5 bats
  5 giant cockroaches
  8 goblins
  4 hobgoblins
  4 jackals (D:3)
  2 ball pythons
  3 frilled lizards
  A goblin zombie (D:3)
  3 kobolds
  3 rats
68 creatures vanquished.

Notes
Turn   | Place    | Note
-------+----------+-------------------------------------------
     0 | D:1      | brandon the Deep Elf Fire Elementalist began the quest for
                  | the Orb.
     0 | D:1      | Reached XP level 1. HP: 10/10 MP: 6/6
   213 | D:1      | Reached XP level 2. HP: 15/15 MP: 0/8
   325 | D:1      | Reached skill level 2 in Conjurations
  1073 | D:2      | Reached XP level 3. HP: 19/19 MP: 5/10
  1077 | D:2      | Learned a level 2 spell: Throw Flame
  1081 | D:2      | Learned a level 3 spell: Conjure Flame
  1787 | D:2      | Reached skill level 3 in Conjurations
  1826 | D:2      | Reached XP level 4. HP: 24/24 MP: 7/11
  1833 | D:2      | Learned a level 4 spell: Sticky Flame
  2645 | D:3      | Found a runed door.
  2645 | D:3      | Noticed a human
  2652 | D:3      | Found a basalt altar of Yredelemnul.
  2677 | D:3      | Killed a human
  2677 | D:3      | Reached skill level 4 in Conjurations
  2677 | D:3      | Reached XP level 5. HP: 28/28 MP: 3/14
  2768 | D:4      | Noticed Blork the orc
  2768 | D:4      | Noticed Grinder
  2791 | D:3      | Killed Blork the orc
  2791 | D:3      | Reached skill level 5 in Spellcasting
  2791 | D:3      | Reached XP level 6. HP: 15/32 MP: 0/15
  2965 | D:3      | Learned a level 5 spell: Fireball
  3172 | D:4      | Noticed Natasha
  3179 | D:4      | Reached skill level 5 in Conjurations
  3181 | D:4      | Killed Natasha
  3196 | D:4      | Found a staircase to the Ecumenical Temple.
  3259 | D:4      | Noticed Natasha
  3262 | D:4      | Killed Natasha
  3262 | D:4      | Reached skill level 5 in Fire Magic
  3333 | D:4      | Found a snail-covered altar of Cheibriados.
  3408 | D:4      | Found a shadowy altar of Dithmenos.
  3428 | D:4      | Noticed Dowan
  3711 | D:4      | Noticed Duvessa
  4116 | Temple   | Entered the Ecumenical Temple
  4161 | Temple   | Became a worshipper of Vehumet
  4243 | D:4      | Reached XP level 7. HP: 24/36 MP: 6/17
  4506 | D:4      | Killed Dowan
  4506 | D:4      | Reached skill level 6 in Conjurations
  4530 | D:4      | Slain by Duvessa

Skill      XL: |  1  2  3  4  5  6  7 |
---------------+----------------------+-----
Conjurations   | 2 3 4 5 6 |  6.0
Fire Magic     | 4 5 |  5.3
Spellcasting   | 4 5 |  5.8
Dodging        | |  2.4
Stealth        | |  2.4

Action                   |  1- 3 |  4- 6 |  7- 9 || total
-------------------------+-------+-------+-------++-------
Melee: Unarmed           |    20 |       |       ||    20
       Whip              |       |     2 |     3 ||     5
 Cast: Flame Tongue      |    67 |    63 |     8 ||   138
       Throw Flame       |     1 |     7 |     2 ||    10
       Conjure Flame     |       |     2 |     3 ||     5
       Sticky Flame      |       |     3 |     2 ||     5
       Fireball          |       |     4 |       ||     4
  Use: Scroll            |       |     3 |     1 ||     4
  Eat: Chunk             |     2 |     3 |     1 ||     6
       Ration            |       |     2 |       ||     2
Armor: Robe              |    11 |     5 |     1 ||    17
Dodge: Dodged            |    26 |    16 |     3 ||    45
